AoeStats
← Hunter

Black Forest

503167364Analyzed
4v4 RM · 1mo ago on Aug 30, 2026· 43m 31s· 8 players
Game mode
Random Map
Map size
Large (8 player)
Population
200
Speed
Normal
Resources
Standard
Victory
Conquest
Starting age
Dark Age
Ending age
Imperial Age
RankedLock teamsTeams togetherTeam positionsShared explorationLock speedFull tech treeHidden civsTurbo modeCheats
Victory
Defeat
🇮🇹 Japanese · Italy
1333
+15
🇩🇪 Burgundians · Germany
1327
+15
🇳🇱 Ethiopians · Netherlands
1321
+15
🇬🇧 Britons · United Kingdom
1303
+16
🇳🇿 Lithuanians · New Zealand
1350
-17
🇹🇼 Persians · Taiwan
1296
-15
🇻🇳 Gurjaras · Vietnam
1283
-14
🇮🇹 Vietnamese · Italy
1281
-14
King K. Rool
6:55 Loom
10:40 Feudal Age
11:14 Double-Bit Axe
12:04 Town Watch
17:15 Castle Age
15:14 Gold Mining
16:21 Horse Collar
18:19 Bow Saw
24:31 Wheelbarrow
25:24 Heavy Plow
26:24 Stone Mining
31:07 Imperial Age
29:03 Ballistics
29:39 Masonry
30:07 Gold Shaft Mining
30:07 Stone Shaft Mining
29:55 Hand Cart
31:36 Fletching
31:47 Padded Archer Armor
31:32 Onager
33:37 Chemistry
34:41 Two-Man Saw
33:43 Bodkin Arrow
34:03 Leather Archer Armor
34:18 Siege Onager
35:24 Squires
35:10 Arson
36:00 Siege Engineers
36:23 Bracer
36:34 Torsion Engines
37:32 Heavy Scorpion
38:51 Conscription
38:41 Town Patrol
41:42 Capped Ram
43:08 Architecture
42:34 Murder Holes
42:46 Caravan
43:44 Ring Archer Armor
43:14 Bracer
GdR_Salinaro
0:27 Loom
10:44 Feudal Age
11:15 Man-at-Arms
12:18 Arson
20:59 Horse Collar
24:45 Castle Age
23:42 Double-Bit Axe
23:54 Stone Mining
25:01 Wheelbarrow
26:44 Bow Saw
27:09 Heavy Plow
29:14 Gold Mining
33:04 Imperial Age
31:32 Gold Shaft Mining
33:51 Masonry
35:07 Two-Man Saw
35:16 Chemistry
35:46 Conscription
35:54 Ballistics
37:38 Hoardings
38:07 Hand Cart
37:48 Heavy Scorpion
39:46 Fortified Wall
39:43 Siege Engineers
41:51 Capped Ram
tschipe2_0
3:54 Double-Bit Axe
14:03 Feudal Age
12:48 Fishing Lines
14:55 Bow Saw
19:32 Castle Age
19:02 Gillnets
21:15 Wheelbarrow
23:42 Hand Cart
24:46 Two-Man Saw
24:56 Horse Collar
26:11 Heavy Plow
28:10 Scale Barding Armor
27:34 Cavalier
31:14 Imperial Age
28:58 Forging
29:44 Chain Barding Armor
29:25 Town Watch
29:31 Gold Mining
29:33 Stone Mining
29:26 Treadmill Crane
30:33 Crop Rotation
31:37 Iron Casting
32:54 Plate Barding Armor
32:51 Conscription
32:38 Burgundian Vineyards
31:56 Paladin
32:37 Husbandry
33:42 Blast Furnace
33:56 Chemistry
35:09 Gold Shaft Mining
34:47 Masonry
34:50 Caravan
35:58 Padded Archer Armor
smithy10w
0:43 Loom
11:31 Feudal Age
15:07 Castle Age
13:23 Double-Bit Axe
13:54 Horse Collar
16:13 Bow Saw
15:51 Horse Collar
21:03 Heavy Plow
22:03 Wheelbarrow
23:31 Hand Cart
23:25 Gold Mining
28:41 Imperial Age
27:00 Treadmill Crane
28:29 Ballistics
28:06 Fletching
28:47 Town Watch
30:22 Chemistry
30:26 Two-Man Saw
30:09 Bodkin Arrow
30:27 Guilds
30:17 Caravan
31:00 Siege Engineers
31:47 Conscription
31:29 Bracer
32:44 Gold Shaft Mining
31:59 Stone Mining
32:44 Gold Shaft Mining
32:38 Stone Mining
34:10 Coinage
33:56 Padded Archer Armor
33:44 Elite Longbowman
35:28 Leather Archer Armor
36:10 Yeomen
35:53 Scale Mail Armor
36:14 Forging
36:57 Hoardings
36:59 Ring Archer Armor
36:54 Squires
37:40 Chain Mail Armor
37:23 Pikeman
39:23 Iron Casting
38:57 Halberdier
40:13 Banking
41:57 Plate Mail Armor
42:27 Blast Furnace
hobbyya
0:35 Loom
11:01 Feudal Age
16:13 Castle Age
15:52 Double-Bit Axe
15:49 Horse Collar
17:22 Bow Saw
25:38 Bloodlines
26:14 Husbandry
26:48 Scale Barding Armor
30:24 Chain Barding Armor
30:15 Forging
33:47 Imperial Age
31:53 Wheelbarrow
31:42 Gold Mining
31:42 Stone Mining
32:48 Iron Casting
32:16 Town Watch
33:43 Caravan
34:13 Coinage
33:23 Cavalier
34:29 Conscription
34:56 Plate Barding Armor
36:17 Chemistry
35:38 Ballistics
35:28 Murder Holes
36:38 Savar
39:49 Fletching
HSL | MaurKo
11:50 Feudal Age
15:23 Castle Age
13:19 Loom
16:20 Castle Age
14:43 Double-Bit Axe
15:37 Horse Collar
17:00 Fletching
19:50 Bodkin Arrow
24:19 Bow Saw
27:38 Heavy Plow
30:23 Wheelbarrow
30:40 Gold Mining
32:24 Hand Cart
32:07 Stone Mining
33:17 Stone Shaft Mining
33:09 Fortified Wall
36:23 Imperial Age
33:35 Elite Skirmisher
34:18 Padded Archer Armor
35:15 Leather Archer Armor
34:44 Treadmill Crane
35:36 Ballistics
36:18 Thumb Ring
37:09 Bracer
38:11 Chemistry
37:46 Ring Archer Armor
36:57 Treadmill Crane
37:53 Crossbowman
JayJayNico
10:55 Feudal Age
14:59 Castle Age
13:44 Double-Bit Axe
16:11 Bow Saw
18:46 Horse Collar
22:26 Fishing Lines
24:34 Wheelbarrow
24:33 Gold Mining
24:53 Heavy Plow
25:01 Gillnets
26:10 Hand Cart
26:34 Loom
27:00 Forging
26:55 Scale Barding Armor
28:39 Husbandry
28:49 Bloodlines
28:57 Stone Mining
32:11 Imperial Age
31:13 Iron Casting
30:43 Scale Barding Armor
30:32 Treadmill Crane
31:05 Masonry
31:16 Ballistics
31:46 Stone Shaft Mining
30:56 Elite Skirmisher
32:07 Thumb Ring
33:11 Chain Barding Armor
32:22 Imperial Skirmisher
32:26 Cavalier
33:28 Fletching
34:47 Plate Barding Armor
34:15 Bodkin Arrow
33:58 Paladin
36:32 Chemistry
36:03 Architecture
36:07 Caravan
37:59 Two-Man Saw
37:32 Crop Rotation
38:34 Guilds
Hunter
0:42 Loom
13:27 Feudal Age
14:31 Double-Bit Axe
14:54 Horse Collar
19:03 Castle Age
20:10 Wheelbarrow
21:29 Bow Saw
21:53 Heavy Plow
25:46 Fletching
31:32 Imperial Age
28:50 Treadmill Crane
29:46 Padded Archer Armor
29:57 Forging
30:04 Fortified Wall
33:38 Chemistry
32:06 Elite Elephant Archer
33:51 Bodkin Arrow
36:09 Leather Archer Armor
39:37 Scale Barding Armor
39:43 Forging
40:52 Bloodlines
40:43 Husbandry
40:04 Light Cavalry
41:52 Hussar
Connection lost

Rejoining the realm…

Still unreachable

The connection could not be restored.

Session expired

The server has moved on; the page needs a fresh start.